 Dungeon Crawl Stone Soup version 0.32-a0-422-g28b100f618 (webtiles) character file.

Game seed: 6909030841805214487

1115 FireLeaper the Carver (level 8, -1/64 HPs)
             Began as a Coglin Fighter on Feb 21, 2024.
             Splashed by a jelly's acid (5 damage)
             ... on level 5 of the Dungeon.
             The game lasted 00:05:41 (4359 turns).

FireLeaper the Carver (Coglin Fighter)              Turns: 4359, Time: 00:05:42

Health: -1/64      AC: -5    Str: 18    XL:     8   Next: 34%
Magic:  8/8        EV:  9    Int:  9    God:
Gold:   235        SH:  0    Dex: 13    Spells: 7/7 levels left

rFire   . . .        a - +0 long sword {Uttamveer}
rCold   . . .        m - +1 short sword (venom) {Ichio}
rNeg    . . .        b - +0 scale mail
rPois   .            (no helmet)
rElec   .            (no cloak)
rCorr   .            (no gloves)
SInv    .            (no boots)
Will    .....        (no amulet) Stlth
                     (no ring)
HPRegen 0.30/turn    (no ring)
MPRegen 0.11/turn

%: no passive effects
@: corroded, immotile, revved
A: off-hand wielding, slow wielding, warmup strikes, legs shutdown
a: no special abilities


You were on level 5 of the Dungeon.
You visited 2 branches of the dungeon, and saw 6 of its levels.

You collected 235 gold pieces.

Inventory:

Hand Weapons
 a - a +0 long sword (weapon) {Uttamveer}
 h - a +0 dagger of freezing {Ankhesenamen}
 m - a +1 short sword of venom (offhand) {Ichio}
Armour
 b - a +0 scale mail (worn)
 c - a +0 buckler
 p - a +0 helmet of see invisible
Jewellery
 g - a ring of protection from cold
Wands
 i - a wand of roots (9)
Scrolls
 e - a scroll of immolation {unknown}
 k - a scroll of teleportation {unknown}
 l - a scroll of fog {unknown}
 o - a scroll of enchant armour {unknown}
 q - a scroll of identify {unknown}
 r - 3 scrolls of amnesia {unknown}
 s - a scroll of fear {unknown}
 u - a scroll of poison {unknown}
Potions
 d - 2 potions of might {@q3}
 f - 2 potions of degeneration {unknown}
 j - 3 potions of curing {unknown}
 n - a potion of haste {unknown}
 t - a potion of lignification {unknown}


   Skills:
 + Level 6.3 Fighting
 * Level 8.1 Long Blades
 - Level 2.6 Armour
 - Level 2.1 Shields


You had 7 spell levels left.
You didn't know any spells.
Your spell library was empty.

Dungeon Overview and Level Annotations

Branches:
Dungeon (5/15)             Temple (1/1) D:4

Altars:
Ashenzari
Cheibriados
Dithmenos
Elyvilon
Fedhas
Gozag
Hepliaklqana
Ru
Trog
Uskayaw
Wu Jian
Xom
Yredelemnul
The Shining One

Annotations:
D:3 3 runed translucent doors, pepequinho's ghost, amateur HuBe


Innate Abilities, Weirdness & Mutations

You can wield a second weapon in your off-hand.
It takes a long time for you to wield or remove held weapons.
Your first few attacks do less damage.
Attacking and casting redirects power from your legs.


Message History

You are too injured to fight recklessly!
You are too injured to fight recklessly!
You are too injured to fight recklessly!
You are too injured to fight recklessly!
You are too injured to fight recklessly!
You are too injured to fight recklessly!
You are too injured to fight recklessly!
You are too injured to fight recklessly!
You are too injured to fight recklessly!
You are too injured to fight recklessly!
You are too injured to fight recklessly!
You are too injured to fight recklessly!
You are too injured to fight recklessly!
You are too injured to fight recklessly!
A jelly is nearby!
You hit the jelly but do no damage.
Your graspers burn!
The jelly is heavily wounded.
You hit the jelly with your +1 short sword of venom.
The acid corrodes you!
Your graspers burn!
The jelly barely misses you.
You cannot move.
You hit the jelly with your +1 short sword of venom.
The acid corrodes you!
Your graspers burn!
The jelly is severely wounded.
You hit the jelly but do no damage.
Your graspers burn!
The jelly hits you.
You are splashed with acid.
* * * LOW HITPOINT WARNING * * *
Unknown command.
You hit the jelly with your +0 long sword.
Your graspers burn!
* * * LOW HITPOINT WARNING * * *
The jelly is almost dead.
You hit the jelly but do no damage.
Your graspers burn!
* * * LOW HITPOINT WARNING * * *
The jelly barely misses you.
Unknown command.
You hit the jelly but do no damage.
Your graspers burn!
* * * LOW HITPOINT WARNING * * *
The jelly is almost dead.
You hit the jelly but do no damage.
Your graspers burn!
You die...

..........#.<....#...............
.....##...##.....+...............
.....###+.##.>...#..............#
.##....................####.....#
.##.....####.####.#+#### #.....+
.....##.##.....##........ #......
.##.)##.#.......#.#...##. #......
.##..#..#.......#.#...# #......
....%...[).._...@J# ..# #......
........#.......#......# #......
.....##.#.......#.#....# #......
.....##.##.....##.#...##..#......
.....#..####.####.....##..#......
.##..##...............##..#......
'##..##...####.####...##..#.....#
..#..###'###.....##...##..#.....#
..#..##...##<^...##...##..#.....#


You could see a jelly (very poisoned).

Vanquished Creatures
  Sigmund (D:4)
  3 ice beasts
  3 scorpions (D:5)
  2 jellies (D:4)
  2 iguanas (D:4)
  Ijyb (D:5)
  An orc wizard (D:5)
  Robin (D:3)
  10 gnolls (D:4)
  5 adders (D:4)
  3 ribbon worms
  11 orcs
  11 endoplasms
  5 giant cockroaches
  16 goblins
  16 hobgoblins
  2 jackals (D:1)
  7 kobolds
  3 quokkas
  4 ball pythons
  3 bats
  A frilled lizard (D:3)
  3 rats
114 creatures vanquished.

Notes
Turn   | Place    | Note
-------+----------+-------------------------------------------
     0 | D:1      | FireLeaper the Coglin Fighter began the quest for the Orb.
     0 | D:1      | Reached XP level 1. HP: 18/18 MP: 1/1
    33 | D:1      | Reached XP level 2. HP: 15/24 MP: 2/2
   204 | D:1      | Reached skill level 3 in Long Blades
   204 | D:1      | Reached XP level 3. HP: 27/29 MP: 3/3
   934 | D:2      | Reached XP level 4. HP: 24/37 MP: 4/4
  1576 | D:3      | Found a runed translucent gate.
  1576 | D:3      | Found an opulent altar of Gozag.
  1577 | D:3      | Found a runed translucent gate.
  1577 | D:3      | Found a runed translucent gate.
  1579 | D:3      | Noticed pepequinho's ghost (amateur HuBe)
  1580 | D:3      | Noticed an ice beast
  1598 | D:3      | Reached skill level 4 in Long Blades
  1599 | D:3      | Noticed Robin
  1609 | D:3      | Killed Robin
  1610 | D:3      | Reached XP level 5. HP: 39/42 MP: 5/5
  1875 | D:3      | Found a hide-covered altar of Uskayaw.
  2396 | D:4      | Found a staircase to the Ecumenical Temple.
  2424 | D:4      | Reached skill level 5 in Long Blades
  2424 | D:4      | Reached XP level 6. HP: 35/49 MP: 6/6
  2481 | Temple   | Entered the Ecumenical Temple
  2582 | D:4      | Noticed Sigmund
  2598 | D:4      | Killed Sigmund
  2621 | D:4      | Reached skill level 5 in Fighting
  2809 | D:4      | Reached skill level 6 in Long Blades
  2809 | D:4      | Reached XP level 7. HP: 54/56 MP: 7/7
  2911 | D:4      | Found a broken altar of Ashenzari.
  3257 | D:5      | Entered Level 5 of the Dungeon
  3270 | D:5      | Found a basalt altar of Yredelemnul.
  3272 | D:5      | Noticed Ijyb
  3276 | D:5      | Killed Ijyb
  3427 | D:4      | Reached skill level 7 in Long Blades
  3645 | D:5      | Reached XP level 8. HP: 57/64 MP: 8/8
  4155 | D:5      | Reached skill level 8 in Long Blades
  4250 | D:5      | Found a shimmering altar of Xom.
  4359 | D:5      | Splashed by a jelly's acid

Illustrated notes

Levels and vault maps discovered:
D:1:      wander_arrival_peaceful_grave, layout_rooms
D:2:      layout_loops_cross
D:3:      layout_loops_corners, mainiacjoe_overflow_chevrons,
          ebering_ghost_gozag, minivault_14, st_stairs_1, minivault_19,
          uniq_robin
D:4:      minmay_bubble_buster, layout_rooms, evilmike_ruin_ashenzari,
          minmay_temple_entry_mist, minmay_misc_feat_pillars, hex_tiny,
          nicolae_concentric_dashed_squares_wild, uniq_sigmund
D:5:      layout_gridville, old_standard_altar,
          regret_index_xom_buried_treasure, minmay_misc_feat_rugged,
          minmay_misc_feat_iff, ebering_dispersal_statue_hall, uniq_ijyb
Temple:   nicolae_temple_bog_church

Skill      XL: |  1  2  3  4  5  6  7  8 |
---------------+-------------------------+-----
Long Blades    | 3 4 5 6 7 8 |  8.1
Fighting       | 4 5 6 |  6.3
Armour         | |  2.6
Shields        | |  2.1

Action                     |  1- 3 |  4- 6 |  7- 9 || total
---------------------------+-------+-------+-------++-------
  Melee: Long sword        |    80 |    98 |   103 ||   281
         Dagger            |    40 |       |       ||    40
         Short sword       |       |   100 |    97 ||   197
  Evoke: Wand              |       |       |     1 ||     1
 Armour: Scale mail        |    71 |    59 |    69 ||   199
  Dodge: Dodged            |    44 |    46 |    55 ||   145
  Block: Buckler           |     6 |       |       ||     6

Table legend: (Time is in decaauts)
 A = Elapsed time spent in this place.
 B = Non-inter-level travel time spent in this place.
 C = Inter-level travel time spent in this place.
 D = Time resting spent in this place.
 E = Time spent auto-exploring this place.
 F = Levels seen in this place.
 G = Mean time per level.
                   A        B        C        D        E       F      G
               +--------+--------+--------+--------+--------+-----+--------+
         Total |   4372 |   4187 |    185 |    467 |   3047 |   6 |  728.7 |
       Dungeon |   4328 |   4184 |    144 |    467 |   3047 |   5 |  865.6 |
        Temple |     43 |      2 |     41 |      0 |      0 |   1 |   43.0 |
               +--------+--------+--------+--------+--------+-----+--------+

Top non-repeatable levels by time:
     D:4: 1181 daAuts
     D:3: 1010 daAuts
     D:2: 835 daAuts
     D:5: 815 daAuts
     D:1: 485 daAuts
  Temple: 43 daAuts
